 Dungeon Crawl Stone Soup version 0.28.0 (webtiles) character file.

Game seed: 7422784411467623914

254 Sanktem7 the Chopper (level 5, -1/47 HPs)
             Began as a Minotaur Fighter on Feb 12, 2022.
             Slain by a gnoll (4 damage)
             ... on level 4 of the Dungeon.
             The game lasted 00:06:28 (3249 turns).

Sanktem7 the Chopper (Minotaur Fighter)             Turns: 3249, Time: 00:06:30

Health: -1/47      AC: 11    Str: 23    XL:     5   Next: 91%
Magic:  4/4        EV:  6    Int:  5    God:
Gold:   123        SH:  8    Dex:  9    Spells: 4/4 levels left

rFire   + . .      SeeInvis .   a - +0 war axe
rCold   . . .      Faith    .   n - +0 kite shield
rNeg    . . .      Spirit   .   h - +0 chain mail
rPois   .          Reflect  .   (helmet restricted)
rElec   .          Harm     .   (no cloak)
rCorr   .          Rampage  .   (no gloves)
Will    .....                   o - +0 pair of boots
Stlth   ..........              (no amulet)
HPRegen 0.15/turn               k - ring of protection from fire
MPRegen 0.09/turn               (no ring)

@: no status effects
A: horns 2, retaliatory headbutt
a: no special abilities


You were on level 4 of the Dungeon.
You visited 1 branch of the dungeon, and saw 4 of its levels.

You collected 123 gold pieces.

Inventory:

Hand Weapons
 a - a +0 war axe (weapon)
Armour
 h - a +0 chain mail (worn)
 n - a +0 kite shield (worn)
 o - a +0 pair of boots (worn)
Jewellery
 k - a ring of protection from fire (left hand)
Scrolls
 c - a scroll of identify {unknown}
 e - 2 scrolls of teleportation {unknown}
 g - a scroll of amnesia {unknown}
Potions
 b - a potion of attraction {unknown}
 d - 2 potions of might
 f - 2 potions of invisibility {unknown}
 i - a potion of heal wounds {unknown}
 j - a potion of mutation {unknown}
 l - a potion of degeneration {unknown}
 m - 2 potions of curing {unknown}


   Skills:
 * Level 4.5 Fighting
 * Level 5.8 Axes
 * Level 4.9 Armour
 + Level 1.2 Dodging
 - Level 3.8 Shields


You had 4 spell levels left.
You didn't know any spells.
Your spell library contained the following spells:

 Spells                   Type           Power      Damage    Failure   Level
 Sting                    Tmut/Pois      0%         1d3       100%        1
 Tukima's Dance           Hex            0%         N/A       100%        3
 Anguish                  Hex/Necr       0%         N/A       100%        4
 Blade Hands              Tmut           0%         N/A       100%        5
 Irradiate                Conj/Tmut      0%         3d14      100%        5
 Enfeeble                 Hex            0%         N/A       100%        7
 Malign Gateway           Summ/Tloc      0%         N/A       100%        7
 Summon Horrible Things   Summ           0%         N/A       100%        8


Dungeon Overview and Level Annotations

Branches:
Dungeon (4/15)
 Temple: D:4-7

Altars:
Okawaru


Innate Abilities, Weirdness & Mutations

You have a pair of horns on your head.
You reflexively headbutt those who attack you in melee.


Message History

A gnoll comes into view. It is wielding a +0 club.
Found an iron altar of Okawaru.
The gnoll drinks a potion.
The gnoll seems to speed up.
You hit the gnoll but do no damage. You headbutt the gnoll!
The gnoll is severely wounded.
The gnoll hits you with a +3 flail.
A gnoll comes into view. It is wielding a +0 flail.
You barely miss the gnoll.
The gnoll shouts!
You hear a shout!
An orc priest comes into view. It is wielding a +0 dagger.
The gnoll hits you with a +3 flail.
You barely miss the gnoll. Your headbutt misses the gnoll. You slash the gnoll!
You kill the gnoll!
The orc priest invokes the aid of Beogh against you.
Beogh smites you! You block the gnoll's attack.
The gnoll hits you but does no damage.
You barely miss the gnoll.
An orc comes into view. It is wielding a +0 dagger.
The gnoll hits you with a +0 club.
The orc priest mumbles some strange prayers to Beogh against you.
Beogh smites you!
* * * LOW HITPOINT WARNING * * *
An orc comes into view. It is wielding a +0 dagger.
The orc shouts!
The gnoll throws a stone.
You block the stone.
An orc comes into view. It is wielding a +0 long sword.
The gnoll hits you with a +0 club.
* * * LOW HITPOINT WARNING * * *
You barely miss the gnoll.
The orc shouts!
The orc priest looks satisfied for a moment.
The gnoll barely misses you.
You barely miss the gnoll. You headbutt the gnoll.
The gnoll is lightly wounded.
You closely miss the gnoll.
The orc priest mumbles some strange prayers to Beogh against you.
Beogh smites you!
* * * LOW HITPOINT WARNING * * *
The gnoll hits you but does no damage. The gnoll hits you with a +0 flail.
You die...

.......#. ## #.#...... .
..#....#.#.. .
#...#.##.#.. ####.
.....?#..#.. ..
....####..........
8o≈..#####.....?...#.##..
.o≈..o.g.#..##†..#.#.....
o≈≈..###@#...)).##....##.
.§§§...g.....#........##.
.≈§§..).....##......†<##.
§≈§.......†...........##(
≈≈§..:......#..#.........
≈≈............#..#..#....
......................#..
#..######................
... ...........####..


You could see an orc priest, 2 gnolls and 2 orcs.

Vanquished Creatures
  3 orc priests
  A jelly (D:4)
  Ijyb (D:3)
  A gnoll (D:4)
  2 adders (D:4)
  3 dart slugs
  9 orcs
  8 bats
  7 endoplasms
  A giant cockroach (D:1)
  4 goblins
  4 hobgoblins
  2 jackals (D:2)
  2 quokkas
  5 ball pythons
  5 frilled lizards
  6 kobolds
  6 rats
70 creatures vanquished.

Vanquished Creatures (others)
  A fungus (D:1)
  3 plants (D:1)
4 creatures vanquished.

Grand Total: 74 creatures vanquished

Notes
Turn   | Place    | Note
-------+----------+-------------------------------------------
     0 | D:1      | Sanktem7 the Minotaur Fighter began the quest for the Orb.
     0 | D:1      | Reached XP level 1. HP: 19/19 MP: 0/0
   143 | D:1      | Reached skill level 3 in Axes
   143 | D:1      | Reached XP level 2. HP: 24/27 MP: 1/1
   641 | D:1      | Reached XP level 3. HP: 33/33 MP: 2/2
   789 | D:1      | Found a faded altar of an unknown god.
  1085 | D:2      | Got Gucy's Collected Works on Shape Shifting
  1678 | D:3      | Reached skill level 4 in Axes
  1824 | D:3      | Noticed Ijyb
  1897 | D:3      | Killed Ijyb
  1898 | D:3      | Reached XP level 4. HP: 16/40 MP: 3/3
  2573 | D:3      | Reached skill level 1 in Dodging
  3103 | D:4      | Reached skill level 5 in Axes
  3103 | D:4      | Reached XP level 5. HP: 39/47 MP: 4/4
  3240 | D:4      | Found an iron altar of Okawaru.
  3249 | D:4      | Slain by a gnoll

Illustrated notes

Levels and vault maps discovered:
D:1:      minmay_arrival_split_and_join, layout_rooms,
          shapermc_ecumenical_altar_mp_ritualfount
D:2:      layout_rooms, kennysheep_generic_room_8
D:3:      layout_basic, uniq_ijyb
D:4:      layout_rooms, mainiacjoe_overflow_catwalk

Skill      XL: |  1  2  3  4 |
---------------+-------------+-----
Axes           | 3 4 5 |  5.8
Fighting       | 4 |  4.5
Armour         | 4 |  4.9
Dodging        | 1 |  1.2
Shields        | |  3.8

Action                   |  1- 3 |  4- 6 || total
-------------------------+-------+-------++-------
Melee: War axe           |    97 |    59 ||   156
       Headbutt          |    13 |    10 ||    23
       Unarmed           |    17 |       ||    17
Armor: Scale mail        |    29 |       ||    29
       Chain mail        |    23 |    33 ||    56
Dodge: Dodged            |    52 |    15 ||    67
Block: Buckler           |    24 |     2 ||    26
       Kite shield       |       |    13 ||    13
